SAAA
TORTOLITA DRUMMERS @ ALLOWAY HALBERDS
08/10/2025
 
TOP OF THE 1ST
Tortolita Drummers batting - Pitching for Alloway Halberds : RHP Jim Unknown
Pitching: RHP Jim Unknown
Batting: RHB Esteban Garza 0-0: Called Strike
0-1: Foul Ball, location: 2F
0-2: Foul Ball, location: 2F
0-2: Foul Ball, location: 2F
0-2: Fly out, F8 (Flyball, 8RS)
Batting: RHB Stephen Blair 0-0: Ball
1-0: Called Strike
1-1: Ball
2-1: SINGLE (Line Drive, 8RM)
Batting: RHB Domingo García 0-0: Ball
1-0: Swinging Strike
1-1: Foul Ball, location: 2F
1-2: Ball
2-2: Foul Ball, location: 2F
2-2: Strikes out swinging
Batting: SHB Brent Adams 0-0: Ball
1-0: Swinging Strike
1-1: Ball
2-1: Swinging Strike
2-2: Ball
3-2: Strikes out looking
Top of the 1st over - 0 run(s), 1 hit(s), 0 error(s), 1 left on base; Tortolita 0 - Alloway 0
BOTTOM OF THE 1ST
Alloway Halberds batting - Pitching for Tortolita Drummers : RHP Harold Taylor
Pitching: RHP Harold Taylor
Batting: RHB Juan Salinas 0-0: Ball
1-0: Ball
2-0: Fly out, F9 (Flyball, 9LSF)
Batting: RHB Sung-min Pae 0-0: Called Strike
0-1: Called Strike
0-2: Ball
1-2: Ball
2-2: Ball
3-2: Base on Balls
Batting: RHB Christovão Galho 0-0: Ball
1-0: Ball
2-0: Grounds into double play, 3-6-3 (Groundball, 3)
Bottom of the 1st over - 0 run(s), 0 hit(s), 0 error(s), 0 left on base; Tortolita 0 - Alloway 0
TOP OF THE 2ND
Tortolita Drummers batting - Pitching for Alloway Halberds : RHP Jim Unknown
Batting: RHB Eric Randolph 0-0: Swinging Strike
0-1: Ball
1-1: Hit by Pitch
Batting: SHB Dan Godwin 0-0: Ball
1-0: Grounds into double play, 4-6-3 (Groundball, 4)
Batting: RHB Blair Sweeny 0-0: Foul Ball, location: 2F
0-1: Ball
1-1: Called Strike
1-2: Foul Ball, location: 2F
1-2: Ground out 6-3 (Groundball, 6M)
Top of the 2nd over - 0 run(s), 0 hit(s), 0 error(s), 0 left on base; Tortolita 0 - Alloway 0
BOTTOM OF THE 2ND
Alloway Halberds batting - Pitching for Tortolita Drummers : RHP Harold Taylor
Batting: RHB Stewart Ralston 0-0: Ball
1-0: Ball
2-0: SINGLE (Groundball, 6D)
Batting: RHB Alfredo Chávez 0-0: Ball
1-0: Called Strike
Passed Ball!
Stewart Ralston to second
1-1: Fly out, F7 (Flyball, 7LMF)
Batting: RHB Jorge López 0-0: Ball
1-0: Ball
2-0: Ball
3-0: Called Strike
3-1: Base on Balls
Batting: SHB Ron Peterson 0-0: Fielders Choice at 2nd, 4-6 (Groundball, 34)
Stewart Ralston to third
Batting: LHB Esteban Casillas 0-0: Ground out 4-3 (Groundball, 4M)
Bottom of the 2nd over - 0 run(s), 1 hit(s), 0 error(s), 2 left on base; Tortolita 0 - Alloway 0
TOP OF THE 3RD
Tortolita Drummers batting - Pitching for Alloway Halberds : RHP Jim Unknown
Batting: SHB Juan Blanco 0-0: Foul Ball, location: 2F
0-1: Ball
1-1: Swinging Strike
1-2: Ball
2-2: Strikes out swinging
Batting: RHB Francisco Torres 0-0: Swinging Strike
0-1: Ball
1-1: Ball
2-1: Fly out, F8 (Flyball, 8RM)
Batting: RHB Esteban Garza 0-0: Called Strike
0-1: Foul Ball, location: 2F
0-2: Ball
1-2: SINGLE (Line Drive, 6)
Batting: RHB Stephen Blair 0-0: Ball
1-0: Called Strike
1-1: Ball
2-1: Ball
3-1: Foul Ball, location: 2F
3-2: Base on Balls
Esteban Garza to second
Batting: RHB Domingo García 0-0: Ball
1-0: Foul Ball, location: 2F
1-1: Fly out, F9 (Flyball, 9)
Top of the 3rd over - 0 run(s), 1 hit(s), 0 error(s), 2 left on base; Tortolita 0 - Alloway 0
BOTTOM OF THE 3RD
Alloway Halberds batting - Pitching for Tortolita Drummers : RHP Harold Taylor
Batting: RHB Pedro Orozco 0-0: Ball
1-0: Foul Ball, location: 2F
1-1: Ball
2-1: Ball
3-1: Base on Balls
Batting: RHB Juan Salinas 0-0: Fly out, F7 (Line Drive, 7)
Batting: RHB Sung-min Pae 0-0: Called Strike
0-1: Ball
1-1: Ball
2-1: Foul Ball, location: 2F
2-2: Fly out, F7 (Flyball, 78M)
Batting: RHB Christovão Galho Pickoff Throw to First - Out!
Bottom of the 3rd over - 0 run(s), 0 hit(s), 0 error(s), 0 left on base; Tortolita 0 - Alloway 0
TOP OF THE 4TH
Tortolita Drummers batting - Pitching for Alloway Halberds : RHP Jim Unknown
Batting: SHB Brent Adams 0-0: Ground out 3-1 (Groundball, 34)
Batting: RHB Eric Randolph 0-0: Foul Ball, location: 2F
0-1: Swinging Strike
0-2: Ground out U3 (Groundball, 3S)
Batting: SHB Dan Godwin 0-0: Ball
1-0: Foul Ball, location: 2F
1-1: Foul Ball, location: 2F
1-2: Foul Ball, location: 2F
1-2: Ball
2-2: Foul Ball, location: 2F
2-2: Ball
3-2: Strikes out swinging
Top of the 4th over - 0 run(s), 0 hit(s), 0 error(s), 0 left on base; Tortolita 0 - Alloway 0
BOTTOM OF THE 4TH
Alloway Halberds batting - Pitching for Tortolita Drummers : RHP Harold Taylor
Batting: RHB Christovão Galho 0-0: Called Strike
0-1: Called Strike
0-2: Foul Ball, location: 2F
0-2: Ball
1-2: Foul Ball, location: 2F
1-2: Foul Ball, location: 2F
1-2: Foul Ball, location: 2F
1-2: Foul Ball, location: 2F
1-2: Ball
2-2: Ball
3-2: SINGLE (Line Drive, 4D)
Batting: RHB Stewart Ralston 0-0: Ball
1-0: Ball
2-0: Called Strike
2-1: Swinging Strike
2-2: Ball
3-2: Fly out, F8 (Flyball, 8RS)
Batting: RHB Alfredo Chávez 0-0: Called Strike
0-1: Fly out, F8 (Line Drive, 8RM)
Batting: RHB Jorge López 0-0: Ball
Pickoff Throw to First - Error! E1
Christovão Galho to second
1-0: Ground out 6-3 (Groundball, 6)
Bottom of the 4th over - 0 run(s), 1 hit(s), 1 error(s), 1 left on base; Tortolita 0 - Alloway 0
TOP OF THE 5TH
Tortolita Drummers batting - Pitching for Alloway Halberds : RHP Jim Unknown
Batting: RHB Blair Sweeny 0-0: Called Strike
0-1: Foul Ball, location: 2F
0-2: Strikes out swinging
Batting: SHB Juan Blanco 0-0: Ball
1-0: Ball
2-0: Ball
3-0: Called Strike
3-1: Fly out, F2 (Popup, 13S)
Batting: RHB Francisco Torres 0-0: Called Strike
0-1: Foul Ball, location: 2F
0-2: Ball
1-2: Foul Ball, location: 2F
1-2: Ball
2-2: Foul Ball, location: 2F
2-2: SINGLE (Line Drive, 89S)
Batting: RHB Esteban Garza 0-0: Called Strike
0-1: Ball
1-1: Ball
2-1: Ball
3-1: Called Strike
3-2: Base on Balls
Francisco Torres to second
Batting: RHB Stephen Blair 0-0: Swinging Strike
0-1: Foul Ball, location: 2F
0-2: Foul Ball, location: 2F
0-2: Ball
1-2: Ball
2-2: Fly out, F7 (Flyball, 7)
Top of the 5th over - 0 run(s), 1 hit(s), 0 error(s), 2 left on base; Tortolita 0 - Alloway 0
BOTTOM OF THE 5TH
Alloway Halberds batting - Pitching for Tortolita Drummers : RHP Harold Taylor
Batting: SHB Ron Peterson 0-0: Ball
1-0: Foul Ball, location: 2F
1-1: Fly out, F8 (Flyball, 78D)
Batting: LHB Esteban Casillas 0-0: Fly out, F5 (Line Drive, 56)
Batting: RHB Pedro Orozco 0-0: Ball
1-0: Ball
2-0: Ball
3-0: Called Strike
3-1: Base on Balls
Batting: RHB Juan Salinas 0-0: SINGLE (Flyball, 8RS)
Pedro Orozco to second
Batting: RHB Sung-min Pae 0-0: Ball
1-0: Fly out, F5 (Line Drive, 56)
Bottom of the 5th over - 0 run(s), 1 hit(s), 0 error(s), 2 left on base; Tortolita 0 - Alloway 0
TOP OF THE 6TH
Tortolita Drummers batting - Pitching for Alloway Halberds : RHP Jim Unknown
Batting: RHB Domingo García 0-0: Called Strike
0-1: Fly out, F9 (Line Drive, 89M)
Batting: SHB Brent Adams 0-0: Ball
1-0: Foul Ball, location: 2F
1-1: Fly out, F7 (Flyball, 78M)
Batting: RHB Eric Randolph 0-0: Ball
1-0: Called Strike
1-1: Ball
2-1: Foul Ball, location: 2F
2-2: Foul Ball, location: 2F
2-2: Foul Ball, location: 2F
2-2: Fly out, F9 (Flyball, 9D)
Top of the 6th over - 0 run(s), 0 hit(s), 0 error(s), 0 left on base; Tortolita 0 - Alloway 0
BOTTOM OF THE 6TH
Alloway Halberds batting - Pitching for Tortolita Drummers : RHP Harold Taylor
Batting: RHB Christovão Galho 0-0: Ball
1-0: Foul Ball, location: 2F
1-1: Called Strike
1-2: Foul Ball, location: 2F
1-2: Ball
2-2: Ball
3-2: Foul Ball, location: 2F
3-2: SINGLE (Groundball, 34) (infield hit)
Batting: RHB Stewart Ralston 0-0: Swinging Strike
0-1: Ball
1-1: Foul Ball, location: 2F
1-2: Foul Ball, location: 2F
1-2: Ball
2-2: Ball
3-2: Foul Ball, location: 2F
3-2: Foul Ball, location: 2F
3-2: Base on Balls
Christovão Galho to second
Batting: RHB Alfredo Chávez 0-0: Called Strike
0-1: Ball
1-1: Ball
2-1: Ball
3-1: SINGLE (Groundball, 4MS) (infield hit)
Christovão Galho to third
Stewart Ralston to second
Batting: RHB Jorge López 0-0: SINGLE (Flyball, 8RS)
Christovão Galho scores
Stewart Ralston to third
Alfredo Chávez to second
Runner from 3rd tries for Home, SAFE, no throw
Batting: SHB Ron Peterson 0-0: Ball
1-0: Ball
2-0: Called Strike
2-1: Ball
3-1: Called Strike
3-2: Ground out 4-3 (Groundball, 34D)
Alfredo Chávez to third
Jorge López to second
Batting: LHB Esteban Casillas 0-0: Ball
1-0: Ground out 4-3 (Groundball, 4)
Alfredo Chávez scores
Jorge López to third
Batting: RHB Pedro Orozco 0-0: Called Strike
0-1: Ball
1-1: Swinging Strike
1-2: Ball
2-2: Ball
3-2: SINGLE (Groundball, 56D)
Jorge López scores
Batting: RHB Juan Salinas 0-0: Ball
1-0: Swinging Strike
1-1: Foul Ball, location: 2F
1-2: Strikes out swinging
Bottom of the 6th over - 4 run(s), 4 hit(s), 0 error(s), 1 left on base; Tortolita 0 - Alloway 4
TOP OF THE 7TH
Tortolita Drummers batting - Pitching for Alloway Halberds : RHP Jim Unknown
Pitching: RHP Jim Unknown
Batting: SHB Dan Godwin 0-0: Ground out 6-3 (Groundball, 6)
Batting: RHB Blair Sweeny 0-0: Ball
1-0: Fly out, F8 (Flyball, 8RD)
Batting: SHB Juan Blanco 0-0: Ball
1-0: Ball
2-0: Called Strike
2-1: Ball
3-1: Swinging Strike
3-2: DOUBLE (Groundball, 3L)
Batting: RHB Francisco Torres 0-0: Ground out 6-3 (Groundball, 6)
Top of the 7th over - 0 run(s), 1 hit(s), 0 error(s), 1 left on base; Tortolita 0 - Alloway 4
BOTTOM OF THE 7TH
Alloway Halberds batting - Pitching for Tortolita Drummers : RHP Harold Taylor
Batting: RHB Sung-min Pae 0-0: TRIPLE (Line Drive, 78D)
Batting: RHB Christovão Galho 0-0: Called Strike
0-1: Ball
1-1: Ball
2-1: Ground out 5-3 (Groundball, 56)
Sung-min Pae scores
Pitching: RHP Luis Cardona
Batting: RHB Stewart Ralston 0-0: Ball
1-0: Called Strike
1-1: Foul Ball, location: 2F
1-2: Strikes out swinging
Batting: RHB Alfredo Chávez 0-0: Foul Ball, location: 2F
0-1: Ball
1-1: Ball
2-1: Ball
3-1: Base on Balls
Batting: RHB Jorge López 0-0: Swinging Strike
0-1: Swinging Strike
0-2: Ball
1-2: Ball
2-2: Foul Ball, location: 2F
2-2: Ball
3-2: Foul Ball, location: 2F
3-2: Foul Ball, location: 2F
3-2: Base on Balls
Alfredo Chávez to second
Batting: SHB Ron Peterson 0-0: Ball
Wild Pitch!
Alfredo Chávez to third
Jorge López to second
1-0: Fly out, F4 (Line Drive, 4)
Bottom of the 7th over - 1 run(s), 1 hit(s), 0 error(s), 2 left on base; Tortolita 0 - Alloway 5
TOP OF THE 8TH
Tortolita Drummers batting - Pitching for Alloway Halberds : RHP Jim Unknown
Batting: RHB Esteban Garza 0-0: Ball
1-0: Called Strike
1-1: Ground out 6-3 (Groundball, 56)
Batting: RHB Stephen Blair 0-0: Ball
1-0: Ball
2-0: Ball
3-0: Foul Ball, location: 2F
3-1: Base on Balls
Batting: RHB Domingo García 0-0: Called Strike
0-1: Swinging Strike
0-2: Foul Ball, location: 2F
0-2: Strikes out looking
Batting: SHB Brent Adams 0-0: Foul Ball, location: 2F
0-1: Foul Ball, location: 2F
0-2: Foul Ball, location: 2F
0-2: Ball
1-2: Foul Ball, location: 2F
1-2: Fly out, F7 (Line Drive, 78M)
Top of the 8th over - 0 run(s), 0 hit(s), 0 error(s), 1 left on base; Tortolita 0 - Alloway 5
BOTTOM OF THE 8TH
Alloway Halberds batting - Pitching for Tortolita Drummers : RHP Luis Cardona
Batting: LHB Esteban Casillas 0-0: SINGLE (Line Drive, 34D)
Batting: RHB Pedro Orozco 0-0: Ball
1-0: Ball
2-0: Ball
3-0: Called Strike
3-1: Base on Balls
Esteban Casillas to second
Batting: RHB Juan Salinas 0-0: Called Strike
0-1: Foul Ball, location: 2F
0-2: Foul Ball, location: 2F
0-2: Strikes out looking
Batting: RHB Sung-min Pae 0-0: Swinging Strike
0-1: Fielders Choice at 2nd, 1-4 (Groundball, 15S)
Esteban Casillas to third
Batting: RHB Christovão Galho 0-0: Called Strike
0-1: Ball
1-1: Foul Ball, location: 2F
1-2: Strikes out looking
Bottom of the 8th over - 0 run(s), 1 hit(s), 0 error(s), 2 left on base; Tortolita 0 - Alloway 5
TOP OF THE 9TH
Tortolita Drummers batting - Pitching for Alloway Halberds : RHP Jim Unknown
Pitching: RHP Jim Unknown
Batting: RHB Eric Randolph 0-0: Ball
1-0: Foul Ball, location: 2F
1-1: Called Strike
1-2: Ground out 3-1 (Groundball, 34)
Batting: SHB Dan Godwin 0-0: Called Strike
0-1: Ground out 3-1 (Groundball, 34)
Batting: RHB Blair Sweeny 0-0: Ball
1-0: Called Strike
1-1: Ball
2-1: Ball
3-1: Foul Ball, location: 2F
3-2: Ground out U3 (Groundball, 34S)
Top of the 9th over - 0 run(s), 0 hit(s), 0 error(s), 0 left on base; Tortolita 0 - Alloway 5
Friday, December 30th, 2016 - OOTP Baseball 17.12 Build 75